 Dungeon Crawl Stone Soup version 0.20.1-1-g8b1a95d (webtiles) character file.

68 Lanoc the Vandal (level 4, 0/30 HPs)
             Began as a Halfling Hunter on Nov 29, 2017.
             Succumbed to an adder's poison
             ... on level 2 of the Dungeon.
             The game lasted 00:11:11 (1904 turns).

Lanoc the Vandal (Halfling Hunter)                  Turns: 1904, Time: 00:11:12

Health: 0/30       AC:  6    Str: 13    XL:     4   Next: 41%
Magic:  4/4        EV: 15    Int:  9    God:
Gold:   76         SH:  0    Dex: 15    Spells: 3/3 levels left

rFire    + . .     SeeInvis .   j - -2 short sword (curse)
rCold    x . .     Gourm    .   (shield restricted)
rNeg     . . .     Faith    .   c - +0 leather armour
rPois    .         Spirit   .   p - +1 helmet
rElec    .         Reflect  .   (no cloak)
rCorr    .         Harm     .   (no gloves)
MR       .....                  r - +0 pair of boots
Stlth    ++........             (no amulet)
Regen    0.1/turn               n - ring of fire
MPRegen  0.1/turn               (no ring)

@: lethally poisoned (0 -> -9)
A: mutation resistance 1
a: no special abilities


You were on level 2 of the Dungeon.
You were hungry.

You visited 1 branch of the dungeon, and saw 2 of its levels.

You collected 76 gold pieces.

Inventory:

Hand Weapons
 a - a +1 hunting sling
 b - a +0 short sword
 j - a cursed -2 short sword (weapon)
Missiles
 d - 18 sling bullets
 k - 30 stones (quivered)
Armour
 c - a +0 leather armour (worn)
 p - a +1 helmet (worn)
 r - a +0 pair of boots (worn)
Jewellery
 n - a ring of fire (left hand)
Potions
 e - 2 potions of cancellation
 i - 2 potions of brilliance
Comestibles
 f - 2 bread rations
 h - 2 chunks of flesh
 q - 2 meat rations


   Skills:
 + Level 2.5 Fighting
 * Level 6.8 Slings
 + Level 2.8 Dodging
 + Level 1.9 Stealth


You had 3 spell levels left.
You didn't know any spells.

Dungeon Overview and Level Annotations

Branches:
Dungeon (2/15)

Altars:
Zin


Innate Abilities, Weirdness & Mutations

You are small and have problems with some larger weapons.
You are somewhat resistant to further mutation.


Message History

The adder bites you but does no damage.
You hit the adder.
The adder is almost dead.
* * * LOW HITPOINT WARNING * * *
You feel sick. The adder bites you but does no damage.
You hit the adder.
You kill the adder!
* * * LOW HITPOINT WARNING * * *
You feel sick.
You aren't carrying any spellbooks or scrolls.
You aren't carrying any spellbooks or scrolls.
Unknown command.
Your magical effects are unravelling.
You feel magically purged.
You feel less wooden.
Your +1 helmet unmelds from your body.
Your +0 pair of boots unmelds from your body.
Your +0 leather armour unmelds from your body.
You feel yourself slow down.
You feel a little less agile now.
You die...

...#..........#
...'........>.#
..(#..........+
(..#..........#
...#.....###....
...#.....# .#.#
...#.....# .#..
...#####.#
#######.# ...#
#.# #..@....#
...#
#..##+#†#######
...#
#.......w..#
...#
#.>..?.....#
...#
#..........#
...#
#..........#
####
#..........#
#..........#
#..........#


There were no monsters in sight!

Vanquished Creatures
  An adder (D:2)
  3 oozes
  2 dart slugs (D:1)
  2 leopard geckos
  A ball python (D:2)
  5 bats
  2 giant cockroaches (D:1)
  5 goblins
  5 hobgoblins
  3 kobolds (D:1)
  A quokka (D:2)
  2 frilled lizards
  7 rats
39 creatures vanquished.

Notes
Turn   | Place    | Note
-------+----------+-------------------------------------------
     0 | D:1      | Lanoc the Halfling Hunter began the quest for the Orb.
     0 | D:1      | Reached XP level 1. HP: 14/14 MP: 1/1
   179 | D:1      | Reached skill level 6 in Slings
   179 | D:1      | Reached XP level 2. HP: 9/19 MP: 2/2
   763 | D:1      | Reached XP level 3. HP: 16/24 MP: 3/3
  1558 | D:2      | Reached XP level 4. HP: 20/30 MP: 4/4
  1792 | D:2      | Noticed an angel
  1793 | D:2      | Found a glowing silver altar of Zin.
  1901 | D:2      | HP: 2/45 [poisoned by an adder]
  1904 | D:2      | Succumbed to an adder's poison

Skill      XL: |  1 |
---------------+----+-----
Fighting       | 2 |  2.5
Slings         | 6 |  6.8
Dodging        | |  2.8
Stealth        | |  1.9

Action                   |  1- 3 |  4- 6 || total
-------------------------+-------+-------++-------
Melee: Short sword       |   192 |    46 ||   238
 Fire: Hunting sling     |     6 |       ||     6
Throw: Stone             |    78 |    15 ||    93
  Use: Scroll            |     5 |     2 ||     7
       Potion            |       |     5 ||     5
  Eat: Chunk             |     2 |     1 ||     3
Armor: Leather armour    |    52 |    16 ||    68
       Skin              |       |     6 ||     6
Dodge: Dodged            |   161 |    25 ||   186
